 Dungeon Crawl Stone Soup version 0.21-a0-630-g344d351 (webtiles) character file.

104 KristoblXynda the Charmwright (level 4, -1/22 HPs)
             Began as a Spriggan Skald on Dec 26, 2017.
             Shot with a stone by a goblin (6 damage)
             ... on level 3 of the Dungeon.
             The game lasted 00:04:20 (3044 turns).

KristoblXynda the Charmwright (Spriggan Skald)      Turns: 3044, Time: 00:04:21

Health: -1/22      AC:  2    Str:  8    XL:     4   Next: 52%
Magic:  4/9        EV: 20    Int: 14    God:
Gold:   85         SH:  0    Dex: 15    Spells: 2/9 levels left

rFire    . . .     SeeInvis +   m - +0 dagger
rCold    . . .     Gourm    .   (shield restricted)
rNeg     . . .     Faith    .   b - +0 robe
rPois    .         Spirit   .   (helmet restricted)
rElec    .         Reflect  .   (no cloak)
rCorr    .         Harm     .   (gloves unavailable)
MR       .....                  (boots unavailable)
Stlth    +.........             (no amulet)
HPRegen  0.07/turn              (no ring)
MPRegen  0.11/turn              (no ring)

@: infused, very quick
A: very small, unfitting armour, see invisible, herbivore, speed 3, slow
metabolism 2
a: no special abilities


You were on level 3 of the Dungeon.
You were hungry.

You visited 1 branch of the dungeon, and saw 3 of its levels.

You collected 85 gold pieces.

Inventory:

Hand Weapons
 m - a +0 dagger (weapon)
Armour
 b - a +0 robe (worn)
 q - a +0 cloak
Scrolls
 a - a scroll of remove curse {unknown}
 f - 2 scrolls of fear {unknown}
 g - 2 scrolls of identify {unknown}
 i - a scroll of enchant weapon {unknown}
 k - 2 scrolls of magic mapping {unknown}
 l - 2 scrolls of teleportation {unknown}
 p - a scroll of noise {unknown}
Potions
 e - a potion of berserk rage {unknown}
 h - a potion of brilliance {unknown}
 j - a potion of mutation {unknown}
 n - a potion of heal wounds {unknown}
 o - a potion of flight {unknown}
Books
 c - a book of Battle

   Spells                             Type                      Level
   a - Infusion                       Charms                       1
   b - Shroud of Golubria             Charms/Translocation         2
   c - Song of Slaying                Charms                       2
   d - Spectral Weapon                Hexes/Charms                 3
   e - Regeneration                   Charms/Necromancy            3
Comestibles
 d - 5 rations


   Skills:
 - Level 1.5 Fighting
 + Level 3.4 Short Blades
 + Level 4.9 Dodging
 + Level 3.3 Spellcasting
 + Level 5.5 Charms


You had 2 spell levels left.
You knew the following spells:

 Your Spells              Type           Power        Failure   Level  Hunger
a - Infusion              Chrm           ###.         2%          1    #......
b - Regeneration          Chrm/Necr      ##........   21%         3    ###....
c - Spectral Weapon       Hex/Chrm       ##......     21%         3    ###....


Dungeon Overview and Level Annotations

Branches:
Dungeon (3/15)

Altars:


Innate Abilities, Weirdness & Mutations

You are very small and have problems with some larger weapons.
You are too small for most types of armour.
You have supernaturally acute eyesight. (SInv)
You are a herbivore.
You cover ground extremely quickly.
You need consume almost no food.


Message History

You hit the goblin!
You kill the goblin!
The goblin shoots a stone.
The stone hits you.
The goblin unwields an uncursed dagger.
The goblin wields a hunting sling.
The goblin shoots a stone.
The stone misses you.
You hit the goblin.
You kill the goblin!
The goblin shoots a stone.
The stone barely misses you.
The goblin shoots a stone.
The stone barely misses you. The ogre misses you.
You barely miss the ogre. You barely miss the ogre.
The ogre hits you with a giant spiked club.
* * * LOW HITPOINT WARNING * * *
You see here a stone.
There is a stone staircase leading up here.
You see here a cloak.
q - a cloak The goblin shoots a stone.
The stone hits you.
You die...

#...# ##....)......^.
####...# #.............
###.....##
##....####.... #....##.#
#....)÷.#....
#...#..##.#
#..####.##... ###
#####.##..######..##
.#....
#%..#)(##.##.###........
...#..
#...g(g#.....###...####
##...#
#%..##..g...O..@........
..
########.g.......#.#####
#. #.#......(..#####..#
.. #..[.†......# .#
##...#....### .#
###.#.....# # #.#..[#.#
#.......# #######.#


You could see an ogre and 2 goblins.

Vanquished Creatures
  3 adders
  An ooze (D:1)
  3 worms
  3 dart slugs (D:1)
  4 leopard geckos
  An orc (D:3)
  2 giant cockroaches (D:3)
  12 goblins
  6 hobgoblins
  2 jackals (D:1)
  4 kobolds
  6 bats
  A frilled lizard (D:2)
  3 rats
51 creatures vanquished.

Notes
Turn   | Place    | Note
-------+----------+-------------------------------------------
     0 | D:1      | KristoblXynda the Spriggan Skald began the quest for the Orb.
     0 | D:1      | Reached XP level 1. HP: 10/10 MP: 5/5
   150 | D:1      | Reached XP level 2. HP: 4/14 MP: 2/6
  1453 | D:1      | Reached skill level 5 in Charms
  1533 | D:1      | Reached XP level 3. HP: 7/18 MP: 8/8
  1724 | D:1      | Learned a level 3 spell: Regeneration
  1728 | D:1      | Learned a level 3 spell: Spectral Weapon
  2403 | D:2      | Reached XP level 4. HP: 19/22 MP: 2/9
  3014 | D:3      | Noticed an ogre
  3044 | D:3      | Shot with a stone by a goblin

Vault maps used:
D:1:      scummos_arrival_star, glass_columns_b, minmay_stone_trees_small,
          roderic_roman_lattice
D:2:      first_ration
D:3:      nicolae_overflow_hidden_temple, hangedman_decor_points,
          minmay_ogre_servants

Skill      XL: |  1  2  3 |
---------------+----------+-----
Dodging        | 4 |  4.9
Charms         | 5 |  5.5
Short Blades   | 3 |  3.4
Spellcasting   | 3 |  3.3
Fighting       | |  1.5

Action                   |  1- 3 |  4- 6 || total
-------------------------+-------+-------++-------
Melee: Short sword       |   107 |       ||   107
       Dagger            |    49 |   107 ||   156
 Cast: Infusion          |     8 |     3 ||    11
       Regeneration      |       |     1 ||     1
 Stab: Sleeping          |     1 |       ||     1
Armor: Robe              |     9 |    11 ||    20
Dodge: Dodged            |   122 |    92 ||   214

Table legend:
 A = Spawn XP
 B = Non-spawn XP
 C = Spawn XP percentage of total XP
 D = Spawn monster count
 E = Non-spawn monster count
 F = Spawn count percentage of total count
 G = Total turns spent on level
                    A         B        C        D         E        F      G
               +---------+---------+-------+---------+---------+-------+---------
         Total |       0 |     149 |   0.0 |       0 |      51 |   0.0 |  3044
               +---------+---------+-------+---------+---------+-------+---------
           D:1 |       0 |      48 |   0.0 |       0 |      21 |   0.0 |  1938
           D:2 |       0 |      52 |   0.0 |       0 |      12 |   0.0 |   733
           D:3 |       0 |      49 |   0.0 |       0 |      18 |   0.0 |   373
               +---------+---------+-------+---------+---------+-------+---------
